 Dungeon Crawl Stone Soup version 0.30-a0-358-g0d69a1922f (webtiles) character file.

Game seed: 4887109323029955360

1780 Essalna the Ruffian (level 8, -1/50 (56) HPs)
             Began as a Pale Draconian Transmuter on Nov 10, 2022.
             Was a Follower of Hepliaklqana.
             Slain by a wight
             ... wielding a +5 falchion
              (8 damage)
             ... on level 7 of the Dungeon.
             The game lasted 00:11:11 (5198 turns).

Essalna the Ruffian (Pale Draconian Transmuter)     Turns: 5198, Time: 00:11:11

HP:   -1/50 (56)    AC:  7    Str: 16    XL:     8   Next: 81%
MP:   11/11         EV: 12    Int: 19    God:    Hepliaklqana [*.....]
Gold: 405           SH:  0    Dex: 11    Spells: 6/11 levels left

rFire   . . .      SeeInvis .      - Unarmed
rCold   . . .      Faith    .    (no shield)
rNeg    . . .      Spirit   .    (body armour unavailable)
rPois   .          Reflect  .    (helmet currently unavailable)
rElec   .          Harm     .    l - +0 cloak
rCorr   .          Rampage  .    (no gloves)
Will    .....                    (boots currently unavailable)
Stlth   +.........               s - amulet of magic regeneration
HPRegen 0.28/turn                h - +6 ring of intelligence
MPRegen 0.52/turn                j - +4 ring of slaying

@: appendages, heavily drained
A: horns 2, talons 2, reduced essence, breathe steam, AC +6, unfitting armour,
cold-blooded, steam resistance
a: Breathe Steam, End Transformation, Renounce Religion, Recall Ancestor,
Ancestor Identity


You were on level 7 of the Dungeon.
You worshipped Hepliaklqana.
Hepliaklqana was aware of your devotion.
You had temporarily grown beastly horns and talons.
You visited 1 branch of the dungeon, and saw 7 of its levels.

You collected 405 gold pieces.

Inventory:

Armour
 l - a +0 cloak (worn)
 r - a +2 hat (melded)
Jewellery
 h - a +6 ring of intelligence (left hand)
 i - an amulet of faith
 j - a +4 ring of slaying (right hand)
 s - an amulet of magic regeneration (around neck)
 v - a ring of willpower
Wands
 b - a wand of paralysis (5)
 n - a wand of polymorph (8)
Scrolls
 c - 3 scrolls of identify
 f - a scroll of fog
 g - a scroll of enchant weapon
 k - 6 scrolls of amnesia
 p - a scroll of magic mapping
Potions
 a - 2 potions of lignification
 d - a potion of might
 m - 2 potions of mutation {unknown}
 o - a potion of degeneration {unknown}
 q - a potion of haste {unknown}
 t - a potion of heal wounds {unknown}
 u - a potion of attraction {unknown}


   Skills:
 - Level 3.0 Fighting
 - Level 1.7 Dodging
 + Level 7.1 Unarmed Combat
 - Level 2.0 Spellcasting
 + Level 6.8 Transmutations
 + Level 5.9 Ice Magic


You had 6 spell levels left.
You knew the following spells:

 Your Spells              Type           Power      Damage    Failure   Level
a - Beastly Appendage     Tmut           56%        N/A       1%          1
b - Ice Form              Ice/Tmut       26%        N/A       12%         4

Your spell library contained the following spells:

 Spells                   Type           Power      Damage    Failure   Level
 Wereblood                Tmut           28%        N/A       1%          2
 Sting                    Tmut/Pois      56%        1d5       4%          1
 Spider Form              Tmut/Pois      14%        N/A       12%         3
 Shock                    Conj/Air       4%         1d3       17%         1
 Slow                     Hex            4%         N/A       17%         1
 Poisonous Vapours        Pois/Air       2%         N/A       26%         2
 Blade Hands              Tmut           14%        N/A       28%         5
 Confusing Touch          Hex            1%         N/A       45%         3
 Portal Projectile        Hex/Tloc       2%         N/A       45%         3
 Swiftness                Air            1%         N/A       45%         3
 Tukima's Dance           Hex            1%         N/A       45%         3
 Vampiric Draining        Necr           1%         2d6       45%         3
 Airstrike                Air            0%         2d(1-17)  86%         4
 Olgreb's Toxic Radiance  Pois           1%         N/A       86%         4


Dungeon Overview and Level Annotations

Branches:
Dungeon (7/15)
 Temple: D:4-7

Altars:
Hepliaklqana

Shops:
D:1 ?   D:4 *   D:5 :


Innate Abilities, Weirdness & Mutations

You have temporarily grown beastly horns and talons.
Your life essence is reduced to manifest your ancestor. (-10% HP)
You can breathe blasts of scalding, opaque steam.
Your pale cyan-grey scales are hard. (AC +6)
You cannot fit into any form of body armour.
You are cold-blooded and may be slowed by cold attacks.
You are immune to the effects of steam.


Message History

You climb downwards.
The iguana hisses angrily.
Found a stone staircase leading down.
There is a stone staircase leading up here.
The iguana barely misses you.
You climb upwards.
Your transformation is almost over.
There is a stone staircase leading down here.
The wight attacks as you move away! The wight misses you.
You see here a +0 short sword.
The wight attacks as you move away! The wight hits you with a +5 falchion.
The iguana attacks as you move away! The iguana bites you!
* * * LOW HITPOINT WARNING * * *
The wight attacks as you move away! The wight hits you with a +5 falchion.
* * * LOW HITPOINT WARNING * * *
You feel drained.
Found a spear.
Your horns disappear.
Your talons disappear.
Your +2 hat unmelds from your body.
The wight attacks as you move away! The wight barely misses you.
There is a stone staircase leading down here.
The wight closely misses you.
The iguana bites you but does no damage.
You climb downwards.
There is a stone staircase leading up here.
Casting: Beastly Appendage (safe; 1% risk of failure)
Confirm with . or Enter, or press ? or * to list all spells.
You grow a pair of large bovine horns.
Your feet morph into talons.
Your +2 hat melds into your body.
The wight closely misses you. The iguana barely misses you.
You closely miss the wight. Your kick misses the wight.
The wight hits you with a +5 falchion.
* * * LOW HITPOINT WARNING * * *
You feel drained.
* * * LOW HITPOINT WARNING * * *
You barely miss the wight. Your kick misses the wight. You headbutt the wight.
The wight is lightly damaged.
The iguana bites you.
* * * LOW HITPOINT WARNING * * *
The wight hits you with a +5 falchion!
You die... ## .# #. #l###.#### #.@z...... #####.####

You could see an iguana and a wight.

Vanquished Creatures
  A steam dragon (D:6)
  Menkaure (D:6)
  A water moccasin (D:5)
  An orc warrior (D:6)
  2 ice beasts (D:6)
  A centaur (D:5)
  2 phantoms
  A bullfrog (D:6)
  A scorpion (D:6)
  3 necrophages
  2 wights (D:6)
  2 hounds
  An orc priest (D:6)
  3 iguanas
  Natasha (twice) (D:2)
  An orc wizard (D:3)
  8 gnolls
  4 adders
  4 ufetubi
  A worm (D:2)
  7 dart slugs
  12 orcs
  7 bats
  13 endoplasms
  A giant cockroach (D:4)
  5 hobgoblins
  6 quokkas
  5 ball pythons
  5 frilled lizards
  5 goblins
  6 kobolds
  5 rats
119 creatures vanquished.

Vanquished Creatures (collateral kills)
  A gnoll bouda (D:6)
  An orc (D:6)
2 creatures vanquished.

Vanquished Creatures (others)
  An ancestor (D:6)
1 creature vanquished.

Grand Total: 122 creatures vanquished

Notes
Turn   | Place    | Note
-------+----------+-------------------------------------------
     0 | D:1      | Essalna the Draconian Transmuter began the quest for the
                  | Orb.
     0 | D:1      | Reached XP level 1. HP: 16/16 MP: 3/3
   165 | D:1      | Reached XP level 2. HP: 23/23 MP: 3/5
   373 | D:1      | Found Ynulito's Magic Scroll Shop.
   381 | D:1      | Reached XP level 3. HP: 26/29 MP: 3/6
  1303 | D:2      | Noticed Natasha
  1309 | D:2      | Killed Natasha
  1310 | D:2      | Reached XP level 4. HP: 35/37 MP: 7/7
  1315 | D:2      | Learned a level 4 spell: Ice Form
  1506 | D:2      | Reached skill level 4 in Unarmed Combat
  1846 | D:2      | Noticed Natasha
  1855 | D:2      | Killed Natasha
  1856 | D:2      | Reached skill level 1 in Ice Magic
  1856 | D:2      | Reached XP level 5. HP: 45/45 MP: 6/8
  3185 | D:4      | Found Raestror's Assorted Antiques.
  3364 | D:4      | Noticed a black bear
  3369 | D:4      | Reached XP level 6. HP: 20/51 MP: 9/9
  3851 | D:4      | Found a hazy altar of Hepliaklqana.
  3857 | D:4      | Became a worshipper of Hepliaklqana the Forgotten
  3872 | D:5      | Entered Level 5 of the Dungeon
  4155 | D:5      | Reached skill level 5 in Unarmed Combat
  4224 | D:5      | Noticed a water moccasin
  4233 | D:5      | Killed a water moccasin
  4234 | D:5      | Your scales start taking on a pale cyan-grey colour.
  4234 | D:5      | Reached XP level 7. HP: 42/57 MP: 8/10
  4234 | D:5      | Gained mutation: You are immune to the effects of steam.
                  | [Pale Draconian growth]
  4318 | D:5      | Identified the +2 mace "Draconian's Death" {speed, rF-
                  | Will+ Str-4 Dex+8}
  4337 | D:5      | Reached skill level 5 in Transmutations
  4400 | D:5      | Found Nineru Ifeorch's Book Boutique.
  4734 | D:6      | Noticed Menkaure
  4740 | D:6      | Killed Menkaure
  4829 | D:6      | Reached skill level 6 in Unarmed Combat
  4829 | D:6      | Reached XP level 8. HP: 63/63 MP: 11/11
  4907 | D:6      | Reached skill level 5 in Ice Magic
  5062 | D:6      | Reached * piety under Hepliaklqana
  5089 | D:6      | Reached skill level 7 in Unarmed Combat
  5198 | D:7      | Slain by a wight

Illustrated notes

Levels and vault maps discovered:
D:1:      dpeg_arrival_renting, layout_loops_corners, serial_shops,
          nicolae_shop_advertising_works [nicolae_subvault_shop_adworks],
          ebering_dispersal_statue_hall
D:2:      layout_loops_corners, uniq_natasha
D:3:      layout_loops_ring, chequers_serial_rivers_micro_b
D:4:      layout_basic, lemuel_doored_altar, serial_shops,
          nicolae_shop_hallway_stairs
D:5:      layout_basic, serial_shops, nicolae_shop_stone, grunt_ministairs_14
D:6:      layout_cave_pools, uniq_menkaure
D:7:      dreamdust_elfheim, layout_loops_ring,
          chequers_temple_overflow_statue_of_worship,
          minmay_temple_entry_large_hall, kennysheep_big_empty_room

Skill      XL: |  1  2  3  4  5  6  7  8 |
---------------+-------------------------+-----
Fighting       | 2 3 |  3.0
Transmutations | 3 4 5 6 |  6.8
Unarmed Combat | 4 5 6 7 |  7.1
Ice Magic      | 1 2 3 4 5 |  5.9
Dodging        | |  1.7
Spellcasting   | |  2.0

Action                   |  1- 3 |  4- 6 |  7- 9 || total
-------------------------+-------+-------+-------++-------
Melee: Unarmed           |    88 |   165 |    65 ||   318
       Tailslap          |     8 |    15 |    12 ||    35
       Kick              |    18 |    30 |    15 ||    63
       Headbutt          |    12 |    29 |    13 ||    54
       Punch             |     2 |     2 |     5 ||     9
 Cast: Beastly Appendage |    27 |    34 |    12 ||    73
 Abil: Breathe Steam     |       |       |     5 ||     5
  Use: Scroll            |       |    13 |     1 ||    14
 Stab: Sleeping          |     1 |     2 |       ||     3
Armor: Skin              |    23 |    61 |    22 ||   106
Dodge: Dodged            |    42 |    91 |    39 ||   172

Table legend: (Time is in decaauts)
 A = Elapsed time spent in this place.
 B = Non-inter-level travel time spent in this place.
 C = Inter-level travel time spent in this place.
 D = Time resting spent in this place.
 E = Time spent auto-exploring this place.
 F = Levels seen in this place.
 G = Mean time per level.
                   A        B        C        D        E       F      G
               +--------+--------+--------+--------+--------+-----+--------+
         Total |   5175 |   5050 |    125 |    132 |   4009 |   7 |  739.3 |
       Dungeon |   5175 |   5050 |    125 |    132 |   4009 |   7 |  739.3 |
               +--------+--------+--------+--------+--------+-----+--------+

Top non-repeatable levels by time:
     D:1: 1129 daAuts
     D:2: 1102 daAuts
     D:3: 939 daAuts
     D:4: 838 daAuts
     D:5: 705 daAuts
     D:6: 456 daAuts
     D:7: 4 daAuts
